 Dungeon Crawl Stone Soup version 0.17.1-2-g5865329 (webtiles) character file.

58 namelastname112 the Chiller (level 3, -3/26 HPs)
             Began as a Draconian Ice Elementalist on Jan 21, 2016.
             Slain by Crazy Yiuf
             ... wielding a +3 quarterstaff of chaos
              (13 damage)
             ... while paralysed by Crazy Yiuf
             ... on level 2 of the Dungeon.
             The game lasted 00:02:29 (1648 turns).

namelastname112 the Chiller (DrIE)                  Turns: 1648, Time: 00:02:29

Health: -3/26      AC:  6    Str: 10    XL:     3   Next: 75%
Magic:  2/7        EV:  2    Int: 16    God:
Gold:   67         SH:  0    Dex: 11    Spells: 1 memorised, 7 levels left

rFire  . . .     SeeInvis .     o - staff of poison (curse)
rCold  . . .     Clarity  .     (armour unavailable)
rNeg   . . .     SustAt   .     (no shield)
rPois  +         Gourm    .     (helmet restricted)
rElec  .         Spirit   .     (no cloak)
rCorr  .         Warding  .     j - +0 pair of gloves
rMut   .         Stasis   .     (no boots)
MR     .....                    (no amulet)
Stlth  ++........               (no ring)
                                (no ring)

@: paralysed, slowed, not resistant to hostile enchantments, unstealthy
A: unfitting armour, cold-blooded, AC +5
a: no special abilities


You were on level 2 of the Dungeon.
You were not hungry.

You visited 1 branch of the dungeon, and saw 2 of its levels.

You collected 67 gold pieces.

Inventory:

Hand Weapons
 c - a +0 short sword of flaming
Armour
 j - a +0 pair of gloves (worn)
Magical Staves
 o - a cursed staff of poison (weapon)
Scrolls
 e - a scroll of blinking {unknown}
 g - a scroll of identify {unknown}
 h - a scroll of remove curse {unknown}
 i - a scroll of fear {unknown}
 k - a scroll of random uselessness {unknown}
 m - a scroll of recharging {unknown}
Potions
 l - a potion of agility {unknown}
 p - a potion of flight {unknown}
Books
 a - a book of Frost

   Spells                             Type                      Level
   a - Freeze                         Ice                          1
   b - Throw Frost                    Conjuration/Ice              2
   c - Ozocubu's Armour               Charms/Ice                   3
   d - Throw Icicle                   Conjuration/Ice              4
   e - Summon Ice Beast               Ice/Summoning                4
   f - Condensation Shield            Ice                          4
Comestibles
 b - 4 bread rations
 d - a beef jerky
 f - a meat ration
 n - 2 chunks of flesh


   Skills:
 - Level 1.7 Dodging
 - Level 1.7 Stealth
 + Level 3.1 Spellcasting
   Level 1.0 Conjurations
 + Level 3.8 Ice Magic


You had 7 spell levels left.
You knew the following spells:

 Your Spells              Type           Power        Failure   Level  Hunger
z - Freeze                Ice            ##..         4%          1    None


Dungeon Overview and Level Annotations

Branches:
Dungeon (2/15)

Altars:

Annotations:
D:2 Crazy Yiuf


Innate Abilities, Weirdness & Mutations

Your plain brown scales are hard (AC +5).
Your body does not fit into most forms of armour.
You are cold-blooded and may be slowed by cold attacks.


Message History

Aim: Crazy Yiuf, wielding a quarterstaff of chaos and wearing a cloak (heavily wounded)
You freeze Crazy Yiuf.
Crazy Yiuf is severely wounded.
Crazy Yiuf hits you with a quarterstaff of chaos.
Crazy Yiuf freezes you.
You feel yourself slow down.
Casting: Freeze
Confirm with . or Enter, or press ? or * to list all spells.
Aiming: Freeze
Press: ? - help, Shift-Dir - straight line, f/p - Crazy Yiuf
Aim: Crazy Yiuf, wielding a quarterstaff of chaos and wearing a cloak (severely wounded)
You freeze Crazy Yiuf.
Crazy Yiuf is almost dead.
Crazy Yiuf hits you but does no damage.
You suddenly lose the ability to move!
Crazy Yiuf hits you with a quarterstaff of chaos!
You feel as though you will be slow longer.
Crazy Yiuf hits you with a quarterstaff of chaos. x2
You shrug off the repeated paralysis!
Crazy Yiuf hits you with a quarterstaff of chaos!
Ouch! That really hurt!
You die...

#####
#)..#
#...#
... #g#
#@##
##.#
#.##
##.#
#.##
###..#
#....#
#'..+# .
#....###
.


You could see Crazy Yiuf.

Vanquished Creatures
  A gnoll (D:1)
  A worm (D:2)
  3 giant cockroaches
  3 goblins (D:1)
  4 hobgoblins (D:1)
  7 jackals
  9 kobolds
  A quokka (D:2)
  2 ball pythons (D:1)
  3 bats
  2 giant newts (D:1)
  5 rats (D:1)
41 creatures vanquished.

Notes
Turn   | Place    | Note
--------------------------------------------------------------
     0 | D:1      | namelastname112 the Draconian Ice Elementalist began the quest for the Orb.
     0 | D:1      | Reached XP level 1. HP: 14/14 MP: 3/3
   507 | D:1      | Reached XP level 2. HP: 20/20 MP: 5/5
   951 | D:1      | Reached XP level 3. HP: 26/26 MP: 7/7
  1637 | D:2      | Noticed Crazy Yiuf
  1644 | D:2      | Paralysed by Crazy Yiuf for 7 turns
  1648 | D:2      | Slain by Crazy Yiuf

Action                   || total
-------------------------++-------
Melee: Short sword       ||    81
       Staff             ||    12
 Cast: Freeze            ||    43
 Stab: Sleeping          ||     1
  Eat: Chunk             ||     3
